 Dungeon Crawl Stone Soup version 0.31-a0-360-gb3e1d13bf4 (webtiles) character file.

Game seed: 17963143874215321369

2100 hashsling the Basher (level 9, -4/54 HPs)
             Began as a Gargoyle Fighter on July 26, 2023.
             Was an Initiate of the Shining One.
             Slain by an orc warrior
             ... wielding a +0 glaive
              (28 damage)
             ... in a bailey.
             The game lasted 00:21:07 (5716 turns).

hashsling the Basher (Gargoyle Fighter)             Turns: 5716, Time: 00:21:07

Health: -4/54      AC: 18    Str: 24    XL:     9   Next: 28%
Magic:  9/9        EV: 10    Int:  9    God:    the Shining One [......]
Gold:   272        SH:  9    Dex:  9    Spells: 8/8 levels left

rFire   . . .        a - +0 flail
rCold   . . .        c - +0 buckler
rNeg    + . .        H - +3 ring mail
rPois   ∞            d - +0 helmet
rElec   +            (no cloak)
rCorr   .            g - +1 pair of gloves
SInv    .            (no boots)
Will    .....        p - amulet of reflection Stlth
                     (no ring)
HPRegen 0.29/turn    (no ring)
MPRegen 0.11/turn

%: reflection
@: mighty, glowing
A: sickness immunity, AC +6, negative energy resistance 1, electricity
resistance, torment resistance 1, petrification resistance
a: Renounce Religion


You were in a bailey.
You worshipped the Shining One.
The Shining One was noncommittal.
You visited 2 branches of the dungeon, and saw 8 of its levels.
You also visited: Bailey.

You collected 468 gold pieces.
You spent 196 gold pieces at shops.

Inventory:

Hand Weapons
 a - a +0 flail (weapon)
 j - a +0 mace
Missiles
 f - 2 poisoned darts (quivered)
 y - 4 javelins
Armour
 b - a +0 scale mail
 c - a +0 buckler (worn)
 d - a +0 helmet (worn)
 g - a +1 pair of gloves (worn)
 x - a +0 chain mail
 H - a +3 ring mail (worn)
Jewellery
 p - an amulet of reflection (around neck)
Scrolls
 e - a scroll of revelation {unknown}
 h - a scroll of enchant weapon {unknown}
 i - 2 scrolls of enchant armour {unknown}
 k - 7 scrolls of identify {unknown}
 m - 2 scrolls of fear {unknown}
 n - a scroll of butterflies {unknown}
 o - a scroll of amnesia {unknown}
 r - 2 scrolls of vulnerability {unknown}
 u - 3 scrolls of teleportation {unknown}
 A - 2 scrolls of fog {unknown}
 B - a scroll of brand weapon {unknown}
 C - a scroll of noise {unknown}
 D - a scroll of immolation {unknown}
 E - a scroll of poison {unknown}
Potions
 l - 2 potions of ambrosia {unknown}
 q - 4 potions of degeneration {unknown}
 s - a potion of brilliance {unknown}
 t - 8 potions of heal wounds
 v - 3 potions of mutation {unknown}
 z - 3 potions of curing {unknown}
 F - 2 potions of magic {unknown}
 G - a potion of invisibility {unknown}


   Skills:
 + Level 5.1 Fighting
 * Level 10.5 Maces & Flails
 - Level 5.0 Armour
 - Level 5.0 Shields


You had 8 spell levels left.
You didn't know any spells.
Your spell library contained the following spells:

 Spells                   Type           Power      Damage    Failure   Level
 Freeze                   Ice            0%         1d3       58%         1
 Magic Dart               Conj           0%         1d3       58%         1
 Blink                    Tloc           0%         N/A       73%         2
 Call Imp                 Summ           0%         N/A       73%         2
 Lesser Beckoning         Tloc           0%         N/A       73%         2
 Momentum Strike          Conj/Tloc      0%         3d8       73%         2
 Frozen Ramparts          Ice            0%         1d1       91%         3
 Hailstorm                Conj/Ice       0%         3d3       91%         3
 Mephitic Cloud           Conj/Pois/Air  0%         N/A       91%         3
 Portal Projectile        Hex/Tloc       0%         N/A       91%         3
 Tukima's Dance           Hex            0%         N/A       91%         3
 Iskenderun's Mystic Bla  Conj/Tloc      0%         2d3       100%        4
 Summon Ice Beast         Ice/Summ       0%         N/A       100%        4
 Simulacrum               Ice/Necr       0%         N/A       100%        6


Dungeon Overview and Level Annotations

Branches:
Dungeon (7/15)             Temple (1/1) D:6          Bailey (1/1)

Altars:
Ashenzari
Cheibriados
Dithmenos
Gozag
Hepliaklqana
Makhleb
Nemelex Xobeh
Qazlal
Ru
Uskayaw
Wu Jian
Zin
The Shining One

Shops:
D:1 *   D:5 !   D:7 (

Annotations:
D:6 2 transporters, bjtr's ghost, novice GrEE


Innate Abilities, Weirdness & Mutations

You are immune to sickness and miasma.
Your stone body is resilient. (AC +6)
You are immune to poison.
You resist negative energy. (rN+)
You are resistant to electric shocks. (rElec)
You are resistant to unholy torment.
You are immune to petrification.


Message History

The orc warrior hits you from afar with a +0 glaive!!
* * * LOW HITPOINT WARNING * * *
You sock the orc knight!
The orc knight is moderately wounded.
The orc knight hits you with a +0 halberd.
* * * LOW HITPOINT WARNING * * *
The orc warrior hits you from afar with a +0 glaive!
* * * LOW HITPOINT WARNING * * *
You feel much better. You block the orc knight's attack.
You block the orc warrior's attack.
You completely miss the orc knight.
The orc knight is moderately wounded.
The orc warrior no longer looks unusually strong.
The orc knight roars a battlecry!
The orc warrior goes into a battle-frenzy!
The orc warrior hits you but does no damage.
The orc knight hits you but does no damage.
You hit the orc knight.
The orc knight is moderately wounded.
The orc knight hits you with a +0 halberd!
* * * LOW HITPOINT WARNING * * *
The orc warrior hits you from afar with a +0 glaive!
* * * LOW HITPOINT WARNING * * *
You feel much better.
The orc knight hits you with a +0 halberd!
You block the orc warrior's attack.
You bludgeon the orc knight!!
The orc knight is heavily wounded.
The orc knight closely misses you. You block the orc warrior's attack.
You closely miss the orc knight.
The orc knight is heavily wounded.
You barely miss the orc knight.
The orc knight is heavily wounded.
The orc knight closely misses you. You block the orc warrior's attack.
You sock the orc knight!
The orc knight is almost dead.
The orc knight barely misses you.
The orc warrior hits you from afar with a +0 glaive!!
Ouch! That really hurt!
You die...

##.....##
#.......#
#.......#
#.)#.#..#
#..#8#..#
#..)....#
##.)o).##
###o###
#..@#
#...#
#...#
#...#
###'###
##.....##
#.......#
#.......#
#.....).#


You could see an orc knight and an orc warrior (strong).

Vanquished Creatures
  Grinder (D:5)
  Duvessa (D:5)
  An orc warrior (Bailey)
  2 black bears
  4 ice beasts
  A sky beast (D:6)
  An ogre (D:3)
  2 phantoms
  A bullfrog (D:7)
  4 scorpions
  Dowan (D:4)
  A jelly (D:5)
  An orc priest (D:7)
  2 hounds (D:4)
  2 iguanas (D:5)
  An orc wizard (D:5)
  Robin (D:3)
  11 adders
  A shadow imp (D:7)
  A white imp (D:6)
  2 ufetubi (D:5)
  2 worms
  6 dart slugs
  36 orcs
  5 ball pythons
  3 endoplasms
  6 giant cockroaches
  16 goblins
  11 hobgoblins
  9 kobolds
  3 quokkas
  11 bats
  3 frilled lizards
153 creatures vanquished.

Notes
Turn   | Place    | Note
-------+----------+-------------------------------------------
     0 | D:1      | hashsling the Gargoyle Fighter began the quest for the Orb.
     0 | D:1      | Reached XP level 1. HP: 14/14 MP: 1/1
    85 | D:1      | Reached XP level 2. HP: 19/19 MP: 2/2
   403 | D:1      | Reached XP level 3. HP: 8/23 MP: 3/3
   636 | D:1      | Found Jopt's Assorted Antiques.
   679 | D:1      | Reached skill level 3 in Maces & Flails
   973 | D:2      | Reached XP level 4. HP: 22/29 MP: 4/4
  1568 | D:3      | Noticed an ice beast
  1574 | D:3      | Killed an ice beast
  1575 | D:3      | Reached skill level 4 in Maces & Flails
  1575 | D:3      | Reached XP level 5. HP: 33/33 MP: 5/5
  1761 | D:3      | Noticed Robin
  1767 | D:3      | Killed Robin
  1807 | D:3      | Reached XP level 6. HP: 32/38 MP: 6/6
  1968 | D:3      | Reached skill level 5 in Maces & Flails
  2603 | D:4      | Reached skill level 6 in Maces & Flails
  2937 | D:4      | Reached XP level 7. HP: 42/43 MP: 7/7
  2970 | D:4      | Found a burning altar of Makhleb.
  2970 | D:4      | Noticed an Executioner
  3207 | D:5      | Entered Level 5 of the Dungeon
  3213 | D:5      | Noticed Grinder
  3214 | D:5      | Noticed Duvessa
  3214 | D:5      | Noticed Dowan
  3215 | D:5      | Paralysed by Grinder for 2 turns
  3245 | D:5      | Killed Duvessa
  3246 | D:5      | Reached skill level 7 in Maces & Flails
  3268 | D:4      | Killed Dowan
  3386 | D:5      | Paralysed by Grinder for 3 turns
  3399 | D:5      | Paralysed by Grinder for 5 turns
  3418 | D:5      | Paralysed by Grinder for 3 turns
  3422 | D:5      | Killed Grinder
  3423 | D:5      | Reached skill level 8 in Maces & Flails
  3514 | D:5      | Reached XP level 8. HP: 48/48 MP: 8/8
  3795 | D:5      | Found Reirgh's Distillery.
  3804 | D:5      | Reached skill level 5 in Fighting
  3810 | D:5      | Bought a potion of heal wounds for 70 gold pieces
  3810 | D:5      | Bought a potion of might for 56 gold pieces
  3810 | D:5      | Bought a potion of heal wounds for 70 gold pieces
  4194 | D:5      | Reached skill level 9 in Maces & Flails
  4416 | D:6      | Found an opulent altar of Gozag.
  4416 | D:6      | Found a snail-covered altar of Cheibriados.
  4417 | D:6      | Found a hide-covered altar of Uskayaw.
  4417 | D:6      | Found a broken altar of Ashenzari.
  4442 | D:6      | Reached skill level 5 in Armour
  4687 | D:6      | Found a transporter.
  4735 | D:6      | Reached XP level 9. HP: 53/54 MP: 9/9
  4744 | D:6      | Found a staircase to the Ecumenical Temple.
  4764 | Temple   | Entered the Ecumenical Temple
  4773 | Temple   | Became a worshipper of the Shining One
  4969 | D:6      | Identified the +9 spear of Foul Odours {venom, rF+ rN+}
  4969 | D:6      | Identified the +0 ring mail of Polytheism {Dex+2}
  4969 | D:6      | Identified the +1 kite shield of Patterns {rElec Int+3
                  | Dex+4}
  4971 | D:6      | Identified the ring of Hadgheru {Ice Int+6}
  5003 | D:6      | Found a transporter.
  5053 | D:6      | Noticed bjtr's ghost (novice GrEE)
  5121 | D:7      | Found a glowing silver altar of Zin.
  5135 | D:7      | Reached skill level 10 in Maces & Flails
  5210 | D:7      | Found a shadowy altar of Dithmenos.
  5244 | D:7      | Found Fuqureko's Antique Weapon Emporium.
  5272 | D:7      | Reached skill level 5 in Shields
  5318 | D:7      | Found a flagged portal.
  5329 | Bailey   | Entered a bailey
  5669 | Bailey   | Noticed an orc knight
  5707 | Bailey   | HP: 1/54 [orc warrior/+0 glaive (9)]
  5716 | Bailey   | Slain by an orc warrior

Illustrated notes

Levels and vault maps discovered:
D:1:      lightli_arrival_statuegarden, layout_basic, serial_shops,
          nicolae_shop_dealshenge
D:2:      layout_rooms, chequers_serial_rivers_micro_c, grunt_ministairs_11
D:3:      layout_basic, uniq_robin
D:4:      layout_basic, makhleb_altar_promises_db
D:5:      layout_basic, serial_shops, nicolae_shop_industrial_runoff,
          uniq_grinder, uniq_duvessa
D:6:      layout_loops_ring, chequers_temple_overflow_statue_of_worship,
          minmay_temple_entry_gardened_gates, gammafunk_ghost_gnarly_gnolls,
          corexii_corridor_pit, kennysheep_generic_room_9
D:7:      layout_basic, mainiacjoe_overflow_boulevard, amcnicky_altar_gilded,
          enter_bailey_2, serial_shops, nicolae_shop_advertising_works
          [nicolae_subvault_shop_adworks], chequers_serial_rivers_large_b
Temple:   hellmonk_temple_flake
Bailey:   bailey_polearm_5, bailey

Skill      XL: |  1  2  3  4  5  6  7  8  9 |
---------------+----------------------------+-----
Maces & Flails | 3 4 6 8 9 10 | 10.5
Fighting       | 4 5 |  5.1
Armour         | 4 5 |  5.0
Shields        | 4 5 |  5.0

Action                     |  1- 3 |  4- 6 |  7- 9 || total
---------------------------+-------+-------+-------++-------
  Melee: Flail             |   135 |    33 |   253 ||   421
         Mace              |       |   172 |     9 ||   181
  Throw: Dart              |       |     5 |     9 ||    14
    Use: Potion            |       |     1 |     3 ||     4
 Armour: Scale mail        |   127 |   108 |    33 ||   268
         Chain mail        |       |       |    79 ||    79
         Ring mail         |       |       |     4 ||     4
  Dodge: Dodged            |   125 |    80 |    60 ||   265
  Block: Buckler           |    59 |    45 |   110 ||   214
         Reflection        |       |     1 |       ||     1

Table legend: (Time is in decaauts)
 A = Elapsed time spent in this place.
 B = Non-inter-level travel time spent in this place.
 C = Inter-level travel time spent in this place.
 D = Time resting spent in this place.
 E = Time spent auto-exploring this place.
 F = Levels seen in this place.
 G = Mean time per level.
                   A        B        C        D        E       F      G
               +--------+--------+--------+--------+--------+-----+--------+
         Total |   5788 |   5563 |    225 |      0 |   4140 |   9 |  643.1 |
       Dungeon |   5388 |   5172 |    216 |      0 |   3919 |   7 |  769.7 |
        Temple |     18 |      9 |      9 |      0 |      0 |   1 |   18.0 |
        Bailey |    380 |    380 |      0 |      0 |    221 |   1 |  380.0 |
               +--------+--------+--------+--------+--------+-----+--------+

Top non-repeatable levels by time:
     D:5: 1078 daAuts
     D:3: 1050 daAuts
     D:4: 827 daAuts
     D:1: 813 daAuts
     D:2: 729 daAuts
     D:6: 667 daAuts
  Bailey: 380 daAuts
     D:7: 222 daAuts
  Temple: 18 daAuts
